 Dungeon Crawl Stone Soup version 0.28.0 (webtiles) character file.

Game seed: 5593015681171504845

32 freelancePsychic the Conjurer (level 3, 0/28 HPs)
             Began as a Draconian Conjurer on Feb 18, 2022.
             Succumbed to an adder's poison
             ... on level 1 of the Dungeon.
             The game lasted 00:02:20 (1025 turns).

freelancePsychic the Conjurer (Draconian Conjurer)  Turns: 1025, Time: 00:02:20

Health: 0/28       AC:  5    Str:  9    XL:     3   Next: 8%
Magic:  0/6        EV: 12    Int: 20    God:
Gold:   36         SH:  0    Dex:  9    Spells: 4/7 levels left

rFire   . . .      SeeInvis .   f - +4 short sword (venom)
rCold   . . .      Faith    .   (no shield)
rNeg    . . .      Spirit   .   (armour unavailable)
rPois   .          Reflect  .   (helmet restricted)
rElec   .          Harm     .   (no cloak)
rCorr   .          Rampage  .   (no gloves)
Will    .....                   (no boots)
Stlth   ++........              (no amulet)
HPRegen 0.09/turn               (no ring)
MPRegen 0.10/turn               (no ring)

@: lethally poisoned (0 -> -1)
A: AC +5, unfitting armour, cold-blooded
a: no special abilities


You were on level 1 of the Dungeon.
You visited 1 branch of the dungeon, and saw 2 of its levels.

You collected 36 gold pieces.

Inventory:

Hand Weapons
 f - a +4 short sword of venom (weapon)


   Skills:
 + Level 1.5 Fighting
 - Level 1.7 Dodging
 - Level 1.7 Stealth
 + Level 2.5 Spellcasting
 + Level 4.3 Conjurations


You had 4 spell levels left.
You knew the following spells:

 Your Spells              Type           Power      Damage    Failure   Level
a - Magic Dart            Conj           76%        1d6       2%          1
b - Searing Ray           Conj           38%        2d5       3%          2

Your spell library contained the following spells:

 Spells                   Type           Power      Damage    Failure   Level
 Dazzling Flash           Conj/Hex       22%        N/A       19%         3
 Fulminant Prism          Conj/Hex       5%         3d7       52%         4
 Iskenderun's Mystic Bla  Conj/Tloc      11%        2d4       52%         4


Dungeon Overview and Level Annotations

Branches:
Dungeon (2/15)

Altars:


Innate Abilities, Weirdness & Mutations

Your plain brown scales are hard. (AC +5)
You cannot fit into any form of body armour.
You are cold-blooded and may be slowed by cold attacks.


Message History

The stone barely misses you. The adder bites you.
You are more poisoned.
The adder poisons you!
You climb upwards.
You feel sick.
There is a stone staircase leading down here.
You are too injured to fight recklessly!
You are too injured to fight recklessly!
Casting: Searing Ray (safe; 4% risk of failure)
Confirm with . or Enter, or press ? or * to list all spells.
Aiming: Searing Ray (safe; 4% risk of failure)
Press: ? - help, Shift-Dir - straight line, f - adder
Aim: an adder (63% to hit)
The searing ray hits the adder!
The adder is severely wounded. (Press . to maintain the ray.)
You feel sick. The adder bites you.
The searing ray misses the adder.
You feel sick. The adder bites you.
You are lethally poisoned!
The adder poisons you!
The searing ray hits the adder.
You kill the adder!
* * * LOW HITPOINT WARNING * * *
You feel very sick.
You have reached level 3!
Your experience leads to an increase in your attributes!
Increase (S)trength, (I)ntelligence, or (D)exterity?
You feel clever. x2; Your scales feel tougher.
You aren't carrying any potions.
You finish channelling your searing ray.
* * * LOW HITPOINT WARNING * * *
You feel sick.
* * * LOW HITPOINT WARNING * * *
You feel sick.
* * * LOW HITPOINT WARNING * * *
You feel sick.
* * * LOW HITPOINT WARNING * * *
You feel sick.
* * * LOW HITPOINT WARNING * * *
You feel sick.
You die...

### #######.# #.......####
#.###......# #######.# #.#.##.#
########### ......#.# #.#..#.#
#≈≈≈≈≈≈≈≈≈≈ #####.#.###.#.#..#
#≈≈≈≈≈≈≈≈≈≈
#####'#.....#....######≈≈≈≈≈≈≈≈≈≈
÷...............@.....#≈≈≈≈≈≈≈≈≈≈
#.......###.....#####.#≈≈≈≈≈...≈≈
#.......# #.#####..g..#≈≈≈≈..<..≈
#####...# #.# #r###.#≈≈≈≈≈...≈≈
#...# #.# #.# #.#≈≈≈≈≈≈≈≈≈≈
####'#####.#####.# #.#≈≈≈≈≈≈≈≈≈≈
#^...............# #.#≈≈≈≈≈≈≈≈≈≈
#.....####.#########.#≈≈≈≈≈≈≈≈≈≈
##..........#.........#≈≈≈≈≈≈≈≈≈≈


There were no monsters in sight!

Vanquished Creatures
  An adder (D:1)
  3 endoplasms (D:1)
  2 giant cockroaches (D:1)
  2 hobgoblins (D:1)
  3 quokkas (D:1)
  2 ball pythons (D:1)
  A frilled lizard (D:1)
  A goblin (D:1)
  4 kobolds (D:1)
  3 rats (D:1)
22 creatures vanquished.

Notes
Turn   | Place    | Note
-------+----------+-------------------------------------------
     0 | D:1      | freelancePsychic the Draconian Conjurer began the quest for
                  | the Orb.
     0 | D:1      | Reached XP level 1. HP: 14/14 MP: 3/3
   244 | D:1      | Reached XP level 2. HP: 10/22 MP: 0/5
   412 | D:1      | Learned a level 2 spell: Searing Ray
   472 | D:1      | Reached skill level 1 in Fighting
  1020 | D:1      | Reached XP level 3. HP: 7/28 MP: 1/6
  1024 | D:1      | HP: 1/28 [poisoned by an adder]
  1025 | D:1      | Succumbed to an adder's poison

Illustrated notes

Levels and vault maps discovered:
D:1:      zaba_arrival_water, layout_basic, moated_statue, minmay_misc_feat_tiny
D:2:      layout_rooms, uniq_robin

Skill      XL: |  1  2 |
---------------+-------+-----
Fighting       | 1 |  1.5
Dodging        | |  1.7
Stealth        | |  1.7
Spellcasting   | |  2.5
Conjurations   | |  4.3

Action                   || total
-------------------------++-------
Melee: Dagger            ||    10
       Tailslap          ||     2
       Short sword       ||     3
 Cast: Magic Dart        ||    15
       Searing Ray       ||    10
  Use: Scroll            ||     5
 Stab: Sleeping          ||     2
Armor: Skin              ||     6
Dodge: Dodged            ||    17
